 Dungeon Crawl Stone Soup version 0.24.0-1-gfbc8707122 (webtiles) character file.

Game seed: 8612928918999403721, levelgen mode: deterministic

7357 Nivan the Destroyer (level 10, -3/80 HPs)
             Began as a Grey Draconian Conjurer on Oct 28, 2019.
             Was a Follower of Vehumet.
             Slain by Snorg (8 damage)
             ... on level 3 of the Lair of Beasts.
             The game lasted 01:00:29 (11221 turns).

Nivan the Destroyer (Grey Draconian Conjurer)      Turns: 11221, Time: 01:00:30

Health: -3/80      AC: 18    Str: 11    XL:     10   Next: 91%
Magic:  2/23       EV: 14    Int: 18    God:    Vehumet [*.....]
Gold:   592        SH:  0    Dex: 12    Spells: 15/27 levels left

rFire    . . .     SeeInvis .   I - staff of wizardry
rCold    + + .     Gourm    .   (no shield)
rNeg     . . .     Faith    .   (armour unavailable)
rPois    .         Spirit   .   (helmet restricted)
rElec    .         Reflect  .   G - +2 cloak
rCorr    .         Harm     .   (no gloves)
MR       .....                  c - +2 pair of boots
Stlth    ++........             y - amulet of regeneration
HPRegen  0.63/turn              F - ring of protection from cold
MPRegen  0.18/turn              d - ring of protection from cold

@: confusing touch, drained
A: walk through water, unfitting armour, unbreathing, cold-blooded, AC +12
a: Renounce Religion


You were on level 3 of the Lair of Beasts.
You worshipped Vehumet.
Vehumet was aware of your devotion.
You were very hungry.

You visited 3 branches of the dungeon, and saw 15 of its levels.

You collected 592 gold pieces.

Inventory:

Hand Weapons
 a - a +4 quarterstaff of chaos
 b - a +3 dagger of speed
Armour
 c - a +2 pair of boots (worn)
 G - a +2 cloak (worn)
 H - a +2 cloak of invisibility
Magical Staves
 I - an uncursed staff of wizardry (weapon)
Jewellery
 d - a ring of protection from cold (right hand)
 m - an uncursed amulet of regeneration
 y - an amulet of regeneration (around neck)
 A - an uncursed amulet of guardian spirit
 F - a ring of protection from cold (left hand)
Wands
 l - a wand of flame (41)
 r - a wand of random effects (17)
 u - a wand of iceblast (13)
 K - a wand of paralysis (7)
Scrolls
 e - a scroll of holy word
 h - 5 scrolls of remove curse
 j - a scroll of magic mapping {unknown}
 p - 5 scrolls of enchant armour
 t - 4 scrolls of amnesia
 v - a scroll of enchant weapon {unknown}
 x - 2 scrolls of fear {unknown}
 E - a scroll of fog {unknown}
Potions
 f - a potion of cancellation {unknown}
 i - 2 potions of agility {unknown}
 k - 4 potions of might
 n - 4 potions of lignification
 o - 2 potions of curing {unknown}
 q - a potion of degeneration {unknown}
 s - 2 potions of magic {unknown}
 w - 4 potions of brilliance
 z - a potion of haste
 B - a potion of mutation {unknown}
 C - a potion of ambrosia {unknown}
 D - a potion of flight {unknown}
Miscellaneous
 J - a lamp of fire
Comestibles
 g - 13 rations


   Skills:
 + Level 4.8(4.2) Fighting
 + Level 3.2(2.6) Staves
 + Level 6.1(5.5) Dodging
 + Level 4.0(3.4) Stealth
 + Level 9.3(8.6) Spellcasting
 + Level 10.4(9.7) Conjurations
 + Level 0.4(0.0) Hexes
 + Level 1.0(0.4) Translocations


You had 15 spell levels left.
You knew the following spells:

 Your Spells              Type           Power        Failure   Level  Hunger
a - Magic Dart            Conj           ####         1%          1    None
b - Searing Ray           Conj           #####.       1%          2    None
c - Confusing Touch       Hex            #.....       3%          1    None
d - Force Lance           Conj/Tloc      ####....     4%          4    ###....
e - Iskenderun's Mystic   Conj           #####...     1%          4    ###....

Your spell library contained the following spells:

 Spells                   Type           Power        Failure   Level  Hunger
 Flame Tongue             Conj/Fire      ####.        1%          1    None
 Dazzling Spray           Conj/Hex       ####..       1%          3    None
 Fulminant Prism          Conj/Hex       ####......   4%          4    ###....
 Gell's Gravitas          Tloc           #.........   9%          3    None
 Confuse                  Hex            #.......     11%         3    None
 Recall                   Summ/Tloc      N/A          11%         3    None
 Animate Dead             Necr           N/A          32%         4    ###....
 Petrify                  Tmut/Erth      #.......     32%         4    ###....
 Borgnjor's Vile Clutch   Necr/Erth      #.........   65%         5    #####..
 Metabolic Englaciation   Hex/Ice        #.........   65%         5    #####..
 Yara's Violent Unravell  Hex/Tmut       #.........   65%         5    #####..
 Death Channel            Necr           #.........   99%         6    ######.
 Simulacrum               Ice/Necr       #.........   99%         6    ######.


Dungeon Overview and Level Annotations

Branches:
Dungeon (8/15)             Temple (1/1) D:6            Lair (6/6) D:8
  Swamp: Lair:2-4    Shoals: Lair:2-4     Snake: Lair:2-4    Spider: Lair:2-4
  Slime: Lair:5-6

Altars:
Ashenzari
Cheibriados
Dithmenos
Elyvilon
Fedhas
Gozag
Makhleb
Nemelex Xobeh
Okawaru
Qazlal
Ru
Sif Muna
Trog
Uskayaw
Vehumet
Wu Jian
Xom
Yredelemnul
Zin

Annotations:
Lair:2 Nergalle
Lair:3 Snorg


Innate Abilities, Weirdness & Mutations

You can walk through water.
Your dull iron-grey scales are very hard. (AC +12)
You cannot fit into any form of body armour.
You can survive without breathing.
You are cold-blooded and may be slowed by cold attacks.


Message History

Casting: Confusing Touch (safe; 3% risk of failure)
Confirm with . or Enter, or press ? or * to list all spells.
Your hands begin to glow red.
Snorg rages.
You hit Snorg but do no damage.
Snorg is severely wounded.
Snorg closely misses you. x2; Snorg claws you.
You hit Snorg but do no damage.
Snorg is severely wounded.
Snorg bites you but does no damage. Snorg claws you! Snorg claws you.
Snorg bites you! Snorg claws you! x2
* * * LOW HITPOINT WARNING * * *
You hit Snorg but do no damage.
Snorg is severely wounded.
Snorg closely misses you. Snorg claws you.
* * * LOW HITPOINT WARNING * * *
Snorg claws you!
* * * LOW HITPOINT WARNING * * *
Snorg bites you but does no damage. Snorg claws you!
You die...

#......P....................
###.##.P#...................
#.######.................. ###
#..................
#.................. ##
##..................
###.###...................
###.##...#..................
###..>......T@................
#.#..................#.###..#.
#............#####..## #...#
##..##.##.#.## . #..##
#...#######.## ##...# #....#
#...# #....# #..### #..## ..
#P..## #P.? ##.# ##.## #...#.
##.# #.## ##...# #.....


You could see Snorg (berserk).

Vanquished Creatures
  Harold (D:7)
  A spiny frog (Lair:2)
  2 rime drakes
  3 komodo dragons
  2 blink frogs (Lair:2)
  Grinder (D:5)
  A hippogriff (Lair:2)
  Eustachio (D:6)
  2 wyverns
  4 yaks (Lair:1)
  Menkaure (D:7)
  3 water moccasins
  4 porcupines
  A phantom (D:6)
  An ice beast (D:2)
  An orc warrior (D:6)
  3 centaurs
  An ogre (D:7)
  4 crocodiles
  3 big kobolds (D:3)
  5 bullfrogs
  A wyvern skeleton (D:6)
  A scorpion (D:5)
  5 killer bees (D:7)
  An orc priest (D:3)
  3 hounds
  An iguana (D:8)
  Crazy Yiuf (D:7)
  Ijyb (D:2)
  7 orc wizards
  2 worker ants
  2 hound skeletons (D:5)
  A howler monkey skeleton (D:8)
  8 gnolls (D:3)
  7 adders
  An ooze (D:4)
  2 worms (D:2)
  5 dart slugs
  2 leopard geckos
  19 orcs
  7 giant cockroaches
  21 hobgoblins
  8 jackals
  4 quokkas
  A ball python (D:4)
  6 bats
  A frilled lizard (D:2)
  40 goblins
  7 kobolds
  9 rats
219 creatures vanquished.

Vanquished Creatures (others)
  3 fungi
  2 plants (D:8)
5 creatures vanquished.

Grand Total: 224 creatures vanquished

Notes
Turn   | Place    | Note
-------+----------+-------------------------------------------
     0 | D:1      | Nivan the Draconian Conjurer began the quest for the Orb.
     0 | D:1      | Reached XP level 1. HP: 14/14 MP: 3/3
   241 | D:1      | Reached XP level 2. HP: 20/20 MP: 0/5
   711 | D:2      | Found a glowing silver altar of Zin.
   855 | D:2      | Noticed Ijyb
   868 | D:2      | Reached XP level 3. HP: 18/26 MP: 0/6
  1359 | D:2      | Reached XP level 4. HP: 29/34 MP: 2/7
  1403 | D:2      | Noticed an ice beast
  1408 | D:2      | Learned a level 2 spell: Searing Ray
  1432 | D:2      | Killed an ice beast
  1432 | D:2      | Reached skill level 1 in Fighting
  1432 | D:2      | Reached skill level 5 in Conjurations
  1432 | D:2      | Reached XP level 5. HP: 30/40 MP: 0/9
  1633 | D:2      | Killed Ijyb
  2213 | D:3      | Reached XP level 6. HP: 32/47 MP: 3/11
  2399 | D:3      | Found a white marble altar of Elyvilon.
  3536 | D:3      | Reached skill level 6 in Conjurations
  3617 | D:3      | Your scales start taking on a dull iron-grey colour.
  3617 | D:3      | Reached XP level 7. HP: 39/52 MP: 2/13
  3617 | D:3      | Gained mutation: You can survive without breathing. [Grey
                  | Draconian growth]
  4233 | D:4      | Found a sacrificial altar of Ru.
  4233 | D:4      | Found a hide-covered altar of Uskayaw.
  4254 | D:4      | Found a shadowy altar of Dithmenos.
  4285 | D:4      | Found an opulent altar of Gozag.
  4828 | D:5      | Entered Level 5 of the Dungeon
  4923 | D:5      | Found a blossoming altar of Fedhas.
  5331 | D:5      | Reached skill level 5 in Spellcasting
  5365 | D:5      | Found a stormy altar of Qazlal.
  5405 | D:5      | Noticed Grinder
  5406 | D:5      | Paralysed by Grinder for 6 turns
  5449 | D:5      | Paralysed by Grinder for 3 turns
  5471 | D:5      | Killed Grinder
  5471 | D:5      | Reached skill level 7 in Conjurations
  5471 | D:5      | Reached XP level 8. HP: 46/61 MP: 4/16
  5852 | D:6      | Found a staircase to the Ecumenical Temple.
  5901 | Temple   | Entered the Ecumenical Temple
  5906 | Temple   | Became a worshipper of Vehumet
  6346 | D:6      | Noticed Eustachio
  6358 | D:6      | Killed Eustachio
  6358 | D:6      | Reached skill level 8 in Conjurations
  6707 | D:7      | Noticed Menkaure
  6714 | D:7      | Killed Menkaure
  6815 | D:7      | Found a runed translucent door.
  6816 | D:7      | Noticed Crazy Yiuf
  6841 | D:7      | Killed Crazy Yiuf
  6889 | D:7      | Reached XP level 9. HP: 69/69 MP: 12/19
  7183 | D:7      | Noticed Harold
  7331 | D:7      | Killed Harold
  7331 | D:7      | Reached skill level 9 in Conjurations
  7409 | D:8      | Reached * piety under Vehumet
  7409 | D:8      | Offered knowledge of Flame Tongue by Vehumet.
  7528 | D:8      | Found a staircase to the Lair.
  7529 | D:8      | Noticed a komodo dragon
  7564 | D:8      | Killed a komodo dragon
  7621 | Lair:1   | Entered Level 1 of the Lair of Beasts
  7846 | Lair:2   | Noticed Nergalle
  8119 | Lair:3   | Noticed a five-headed hydra
  8138 | Lair:3   | You fall into a shaft and drop 1 floor!
  8241 | Lair:4   | Noticed a komodo dragon
  8250 | Lair:4   | Killed a komodo dragon
  8250 | Lair:4   | Reached XP level 10. HP: 35/78 MP: 8/22
  8350 | Lair:5   | Noticed a four-headed hydra
  8383 | Lair:4   | Learned a level 1 spell: Confusing Touch
  8388 | Lair:4   | Learned a level 4 spell: Force Lance
  8393 | Lair:4   | Learned a level 4 spell: Iskenderun's Mystic Blast
  8401 | Lair:4   | Noticed a five-headed hydra
  8764 | Lair:5   | Noticed a spiny frog
  8917 | Lair:5   | Noticed a spiny frog
  8929 | Lair:6   | Entered Level 6 of the Lair of Beasts
  8975 | Lair:4   | Noticed a spiny frog
  9061 | Lair:3   | Reached skill level 5 in Dodging
  9347 | Lair:1   | Reached skill level 10 in Conjurations
  9872 | Lair:2   | Noticed a spiny frog
  9886 | Lair:2   | Killed a spiny frog
 10648 | Lair:2   | Reached skill level 1 in Translocations
 10690 | Lair:2   | Noticed a spiny frog
 10904 | Lair:3   | Noticed Snorg
 11220 | Lair:3   | HP: 4/80 [Snorg (17)]
 11221 | Lair:3   | Slain by Snorg

Levels and vault maps discovered:
D:1:      dpeg_arrival_rhombi, layout_loops_ring
D:2:      kennysheep_the_goblin_king, layout_basic, overflow_temple_1_default
D:3:      minmay_goblin_kobold_castle, layout_rooms, old_standard_altar
D:4:      layout_basic, lemuel_doored_altar, nicolae_dithmenos_shadow_blocks,
          gammafunk_temple_overflow_statue, first_ration
D:5:      wad_lake_hut, layout_rooms, overflow_temple_1_default,
          nicolae_qazlal_general_emergency, minmay_misc_feat_diagonals,
          uniq_grinder
D:6:      layout_loops_ring, minmay_temple_entry_junction, uniq_eustachio
D:7:      layout_basic, uniq_harold, uniq_crazy_yiuf_cottage, uniq_menkaure,
          uniq_joseph
D:8:      layout_loops_ring, overflow_temple_1_default, lemuel_crystal_altar,
          david_lair_shrubbed, special_room [special_room_orc], serial_shops,
          shop_statue
Temple:   minmay_freezing_vapour_temple
Lair:1:   layout_gridlike
Lair:2:   layout_loops_ring, lemuel_fruit_tree, uniq_nergalle
Lair:3:   layout_small_grid, grunt_megastairs_4, uniq_snorg
Lair:4:   statuecave_lemuel, layout_regular_city, minmay_shoals_entry_hut,
          minmay_snake_entry_guardpost_medium, serial_bayou_shore_b
Lair:5:   layout_concentric_octagons, nicolae_volcano_entry_two_sided,
          zaba_antful_of_joy, grunt_megastairs_2
Lair:6:   grunt_lair_end_beastmaster, layout_regular_city, slime_altar_2,
          gammafunk_ghost_split, serial_bayou_shore_b

Skill      XL: |  1  2  3  4  5  6  7  8  9 10 |
---------------+-------------------------------+-----
Dodging        | 2 3 4 6 |  6.1
Stealth        | 2 3 4 |  4.0
Fighting       | 1 2 3 4 |  4.8
Spellcasting   | 3 4 5 6 8 9 |  9.3
Conjurations   | 5 6 7 8 9 10 | 10.4
Staves         | 3 |  3.2
Translocations | 1 |  1.0
Hexes          | |  0.4

Action                   |  1- 3 |  4- 6 |  7- 9 | 10-12 || total
-------------------------+-------+-------+-------+-------++-------
Melee: Unarmed           |    23 |       |       |       ||    23
       Spear             |     6 |       |       |       ||     6
       Tailslap          |     8 |    10 |    11 |       ||    29
       Dagger            |    62 |    87 |    59 |       ||   208
       Quarterstaff      |       |       |    33 |       ||    33
       Staff             |       |       |       |    19 ||    19
 Cast: Magic Dart        |    67 |   164 |   215 |   122 ||   568
       Searing Ray       |       |     6 |    22 |     5 ||    33
       Force Lance       |       |       |       |    45 ||    45
       Confusing Touch   |       |       |       |     5 ||     5
       Iskenderun's Myst |       |       |       |     2 ||     2
Evoke: Sack of spiders   |       |       |       |     4 ||     4
       Wand              |       |       |       |     2 ||     2
  Use: Scroll            |       |       |     6 |     6 ||    12
 Stab: Sleeping          |     2 |       |       |       ||     2
  Eat: Chunk             |     2 |     7 |    13 |    11 ||    33
       Ration            |       |       |     1 |       ||     1
Armor: Skin              |    30 |    45 |    76 |    74 ||   225
Dodge: Dodged            |    41 |    67 |   129 |   104 ||   341
